 Dungeon Crawl Stone Soup version 0.32-a0-841-g4648e6c457 (webtiles) character file.

Game seed: 12390919694232393884

445 Maxmaps the Changeling (level 7, 0/46 HPs)
             Began as an Octopode Shapeshifter on Mar 27, 2024.
             Was an Initiate of Gozag.
             Slain by a gnoll
             ... wielding a +0 spear
             ... led by a gnoll bouda
              (9 damage)
             ... on level 4 of the Dungeon.
             The game lasted 00:02:17 (2562 turns).

Maxmaps the Changeling (Octopode Shapeshifter)      Turns: 2562, Time: 00:02:18

Health: 0/46       AC:  5    Str: 14    XL:     7   Next: 3%
Magic:  7/7        EV: 13    Int: 14    God:    Gozag
Gold:   234        SH:  0    Dex: 11    Spells: 6/6 levels left

rFire   . .          .
                       - Unarmed
rCold   . . .        (no shield)
rNeg    . . .        (helmet currently unavailable)
rPois   .            (no amulet)
rElec   .            j - +4 ring of protection
rCorr   .            (no ring)
SInv    .            (no ring)
Will    .....        (no ring)
Stlth   ++           (no ring)
HPRegen 0.27/turn    (no ring)
MPRegen 0.10/turn    (no ring)
                     (no ring)

%: no passive effects
@: beast-form, weakened
A: beast (slay +3), almost no armour, amphibious, 8 rings, camouflage 1,
gelatinous body 1, (nimble swimmer 1), tentacles
a: Begin Untransformation, Renounce Religion, Potion Petition, Call Merchant,
Bribe Branch


You were on level 4 of the Dungeon.
You worshipped Gozag.
Gozag was aware of your devotion.
You were a hulking beast.
You visited 2 branches of the dungeon, and saw 5 of its levels.

You collected 290 gold pieces.
You paid 56 gold pieces to Gozag.

Inventory:

Missiles
 l - a throwing net (quivered)
Jewellery
 j - a +4 ring of protection (left tentacle)
 k - a ring of positive energy
 m - a +4 ring of protection
Talismans
 b - a beast talisman (active)
 c - a flux talisman
Scrolls
 d - a scroll of fog {unknown}
 e - 6 scrolls of identify {unknown}
 f - a scroll of revelation {unknown}
 h - a scroll of fear {unknown}
 n - a scroll of noise {unknown}
 p - a scroll of enchant weapon {unknown}
Potions
 a - a potion of lignification
 g - 2 potions of degeneration {unknown}
 i - 2 potions of curing {unknown}
 o - a potion of heal wounds {unknown}
 q - a potion of attraction {unknown}


   Skills:
 - Level 3.0 Fighting
 - Level 4.0 Dodging
 - Level 3.0 Unarmed Combat
 + Level 5.6 Shapeshifting


You had 6 spell levels left.
You didn't know any spells.
Your spell library contained the following spells:

 Spells                   Type           Power      Damage    Failure   Level
 Sigil of Binding         Hex            0%         N/A       65%         3
 Death Channel            Necr           0%         N/A       100%        6
 Sculpt Simulacrum        Ice/Alch       0%         N/A       100%        6


Dungeon Overview and Level Annotations

Branches:
Dungeon (4/15)             Temple (1/1) D:4

Altars:
Ashenzari
Cheibriados
Gozag
Hepliaklqana
Nemelex Xobeh
Qazlal
Ru
Sif Muna
Wu Jian
Yredelemnul
Zin

Shops:
D:4 *


Innate Abilities, Weirdness & Mutations

You are a hulking beast.
Your limbs bulge with bestial killing power. (Slay +3)
You cannot wear most types of armour.
You are amphibious.
You can wear up to eight rings at the same time.
Your skin changes colour to match your surroundings (Stealth+).
Your rubbery body absorbs attacks. (AC +1, EV +1)
((You are camouflaged when in or above water. (Stealth+)))
You have tentacles for arms and can constrict up to eight enemies at once.


Message History

You squeeze the ball python.
The ball python is moderately wounded.
You constrict the ball python.
You kill the ball python!
No target in view!
A gnoll bouda comes into view.
It is wielding a +0 whip. 2 gnolls come into view.
A gnoll is wielding a +0 whip and quivering a throwing net.
Items here: $ ( ) /.
There are monsters nearby!
There are monsters nearby!
You catch the helpless gnoll bouda completely off-guard!
You tentacle-slap the gnoll bouda but do no damage.
The gnoll shouts!
Your grab misses the gnoll bouda. Your squeeze misses the gnoll bouda.
You hear a shout!
The gnoll bouda hits you with a +0 whip!
The gnoll closely misses you.
A gnoll comes into view.
It is wielding a +0 spear and quivering a throwing net.
You tentacle-slap the gnoll bouda. Your grab misses the gnoll bouda.
The gnoll bouda is lightly wounded.
The gnoll bouda hits you with a +0 whip.
The gnoll hits you from afar with a +0 spear.
You tentacle-slap the gnoll bouda. You grab the gnoll bouda.
You squeeze the gnoll bouda, but do no damage.
The gnoll bouda is moderately wounded.
You constrict the gnoll bouda.
The gnoll bouda hits you with a +0 whip!
The gnoll hits you from afar with a +0 spear.
* * * LOW HITPOINT WARNING * * *
You completely miss the gnoll bouda.
You tentacle-slap the gnoll bouda, but do no damage.
The gnoll bouda is heavily wounded.
You constrict the gnoll bouda.
The gnoll bouda gazes fiercely through you!
You feel your attacks grow feeble. The gnoll bouda closely misses you.
The gnoll hits you from afar with a +0 spear!
You die...
Your body crumbles into a pile of gold.

...... .....
.... .∩. gg
######
#g###....
#.g##..####
#h##..#..#
#.$...#..#
####..'$.#
#.###+# +##.
#.#)).##+#....
#.#...#.....
#.###)#..#
#..'.)'..#
#..#.)#..#


You could see a gnoll bouda and 3 gnolls.

Vanquished Creatures
  Edmund (D:4)
  A scorpion (D:4)
  2 hounds (D:4)
  An orc priest (D:2)
  An orc wizard (D:2)
  4 adders
  A gnoll (D:4)
  2 dart slugs
  3 ribbon worms
  10 orcs
  7 ball pythons
  7 bats
  7 endoplasms
  4 giant cockroaches
  11 goblins
  8 hobgoblins
  6 kobolds
  2 quokkas
  7 frilled lizards
  8 rats
93 creatures vanquished.

Notes
Turn   | Place    | Note
-------+----------+-------------------------------------------
     0 | D:1      | Maxmaps the Octopode Shapeshifter began the quest for the
                  | Orb.
     0 | D:1      | Reached XP level 1. HP: 13/13 MP: 1/1
    84 | D:1      | Reached XP level 2. HP: 18/19 MP: 2/2
   402 | D:1      | Reached XP level 3. HP: 25/25 MP: 3/3
   841 | D:2      | Found an ornate altar of the Wu Jian Council.
   875 | D:2      | Reached XP level 4. HP: 15/31 MP: 4/4
  1236 | D:2      | Reached XP level 5. HP: 29/36 MP: 5/5
  1742 | D:3      | Found an ornate altar of the Wu Jian Council.
  1945 | D:4      | Reached skill level 4 in Shapeshifting
  2006 | D:4      | Found a staircase to the Ecumenical Temple.
  2034 | D:4      | Noticed a black bear
  2038 | Temple   | Entered the Ecumenical Temple
  2048 | Temple   | Became a worshipper of Gozag Ym Sagoz the Greedy
  2074 | D:4      | Reached XP level 6. HP: 36/42 MP: 6/6
  2163 | D:4      | Found a snail-covered altar of Cheibriados.
  2280 | D:4      | Noticed Edmund
  2298 | D:4      | Killed Edmund
  2299 | D:4      | Reached skill level 5 in Shapeshifting
  2446 | D:4      | Identified the +5 mace "Qayn" {pain, Fly}
  2465 | D:4      | Reached XP level 7. HP: 40/46 MP: 7/7
  2509 | D:4      | Paralysed by a goblin for 4 turns
  2515 | D:4      | Found Niroalu's General Store.
  2562 | D:4      | Slain by a gnoll

Illustrated notes

Levels and vault maps discovered:
D:1:      dpeg_arrival_rhombi, layout_basic
D:2:      layout_loops_ring, basic_altar, st_stairs_9
D:3:      layout_rooms, nicolae_wu_jian_immortal_techniques
D:4:      corexii_shantytown, layout_basic, cheibrodos_worm_habitat,
          temple_pool_b, nicolae_specific_store, uniq_edmund
Temple:   nicolae_temple_cloud_nine

Skill      XL: |  1  2  3  4  5  6 |
---------------+-------------------+-----
Fighting       | 2 3 |  3.0
Dodging        | 3 4 |  4.0
Shapeshifting  | 4 5 |  5.6
Unarmed Combat | |  3.0

Action                     |  1- 3 |  4- 6 |  7- 9 || total
---------------------------+-------+-------+-------++-------
  Melee: Unarmed           |    59 |    91 |     9 ||   159
         Constrict         |    18 |    24 |     4 ||    46
         Punch             |     3 |       |     1 ||     4
         Tentacles         |     9 |    21 |     3 ||    33
   Stab: Sleeping          |    12 |     7 |       ||    19
         Distracted        |       |       |     1 ||     1
 Armour: Skin              |    23 |    37 |    10 ||    70
  Dodge: Dodged            |    23 |    48 |     3 ||    74

Table legend: (Time is in decaauts)
 A = Elapsed time spent in this place.
 B = Non-inter-level travel time spent in this place.
 C = Inter-level travel time spent in this place.
 D = Time resting spent in this place.
 E = Time spent auto-exploring this place.
 F = Levels seen in this place.
 G = Mean time per level.
                   A        B        C        D        E       F      G
               +--------+--------+--------+--------+--------+-----+--------+
         Total |   2552 |   2485 |     67 |     64 |   1900 |   5 |  510.4 |
       Dungeon |   2531 |   2464 |     67 |     64 |   1900 |   4 |  632.8 |
        Temple |     20 |     20 |      0 |      0 |      0 |   1 |   20.0 |
               +--------+--------+--------+--------+--------+-----+--------+

Top non-repeatable levels by time:
     D:2: 874 daAuts
     D:1: 612 daAuts
     D:4: 597 daAuts
     D:3: 446 daAuts
  Temple: 20 daAuts
